 Dungeon Crawl Stone Soup version 0.32-a0-20-ge526923d97 (webtiles) character file.

Game seed: 15939216506679670156

3305 jasper the Geomancer (level 9, 0/56 HPs)
             Began as a Deep Elf Earth Elementalist on Jan 17, 2024.
             Was a Follower of Vehumet.
             Succumbed to a killer bee's poison
             ... on level 8 of the Dungeon.
             The game lasted 00:08:38 (6452 turns).

jasper the Geomancer (Deep Elf Earth Elementalist)  Turns: 6452, Time: 00:08:39

Health: 0/56       AC:  8    Str:  5    XL:     9   Next: 70%
Magic:  18/23      EV: 13    Int: 25    God:    Vehumet [*.....]
Gold:   323        SH:  0    Dex: 21    Spells: 4/24 levels left

rFire   . . .        k - +3 hand axe (elec)
rCold   . . .        (no shield)
rNeg    . . .        a - +0 robe
rPois   .            A - +0 helmet
rElec   .            o - +0 cloak
rCorr   .            (no gloves)
SInv    .            (no boots)
Will    .....        (no amulet)
Stlth   ++           n - +4 ring of protection
HPRegen 0.29/turn    r - +6 ring of dexterity
MPRegen 0.18/turn

%: no passive effects
@: lethally poisoned (0 -> -5)
A: no striking features
a: Renounce Religion


You were on level 8 of the Dungeon.
You worshipped Vehumet.
Vehumet was aware of your devotion.
You visited 2 branches of the dungeon, and saw 9 of its levels.

You collected 433 gold pieces.
You spent 110 gold pieces at shops.

Inventory:

Hand Weapons
 d - a +0 dagger
 k - a +3 hand axe of electrocution (weapon)
 v - a +0 lajatang
 D - a +0 heavy flail
Missiles
 i - 81 stones
 u - a throwing net
Armour
 a - a +0 robe (worn)
 c - the +5 kite shield of Fab Dube {+Blink rCorr}
   (You acquired it on level 2 of the Dungeon)

   +Blink:    It lets you blink.
   rCorr:     It protects you from acid and corrosion.
 o - a +0 cloak (worn)
 A - a +0 helmet (worn)
Jewellery
 n - a +4 ring of protection (left hand)
 r - a +6 ring of dexterity (right hand)
 G - a ring of resist corrosion
Wands
 x - a wand of polymorph (6)
 H - a wand of quicksilver (11)
Scrolls
 j - a scroll of enchant weapon
 l - 3 scrolls of noise
 w - 3 scrolls of teleportation
 y - a scroll of enchant armour {unknown}
 B - a scroll of fear
 C - 2 scrolls of identify
 E - a scroll of revelation {unknown}
 F - a scroll of fog
Potions
 b - 2 potions of magic
 e - 2 potions of cancellation
 f - 4 potions of might
 g - a potion of degeneration
 h - a potion of attraction
 m - 3 potions of berserk rage
 p - a potion of lignification {unknown}
 q - 7 potions of curing
 s - 2 potions of enlightenment
 t - 2 potions of resistance {unknown}
 z - a potion of mutation {unknown}
 I - a potion of brilliance {unknown}


   Skills:
 + Level 6.7 Fighting
 - Level 2.4 Dodging
 - Level 2.4 Stealth
 - Level 8.2 Spellcasting
 - Level 1.1 Conjurations
 * Level 1.9 Summonings
 - Level 5.0 Translocations
 * Level 1.7 Air Magic
 - Level 9.0 Earth Magic


You had 4 spell levels left.
You knew the following spells:

 Your Spells              Type           Power      Damage    Failure   Level
a - Sandblast             Erth           100%       2d20      1%          1
b - Passwall              Erth           53%        N/A       1%          3
c - Stone Arrow           Conj/Erth      70%        3d11      2%          3
d - Passage of Golubria   Tloc           35%        N/A       8%          4
e - Summon Lightning Spi  Summ/Air       19%        N/A       28%         4
f - Yara's Violent Unrav  Hex/Alch       5%         3d4       86%         5

Your spell library contained the following spells:

 Spells                   Type           Power      Damage    Failure   Level
 Foxfire                  Conj/Fire      52%        2x1d6     4%          1
 Static Discharge         Conj/Air       34%        3-5/arc   4%          2
 Brom's Barrelling Bould  Conj/Erth      35%        2d5       8%          4
 Jinxbite                 Hex            20%        N/A       9%          2
 Leda's Liquefaction      Alch/Erth      16%        N/A       10%         4
 Petrify                  Alch/Erth      32%        N/A       10%         4
 Frozen Ramparts          Ice            20%        1d4       19%         3
 Airstrike                Air            9%         2d(2-18)  28%         4
 Silence                  Hex/Air        7%         N/A       75%         5
 Metabolic Englaciation   Hex/Ice        5%         N/A       86%         5
 Enfeeble                 Hex            5%         N/A       100%        7
 Lehudib's Crystal Spear  Conj/Erth      17%        10d5      100%        8


Dungeon Overview and Level Annotations

Branches:
Dungeon (8/15)             Temple (1/1) D:6            Lair (0/5) D:8

Altars:
Ashenzari
Cheibriados
Dithmenos
Elyvilon
Fedhas
Gozag
Hepliaklqana
Kikubaaqudgha
Makhleb
Nemelex Xobeh
Okawaru
Qazlal
Ru
Sif Muna
Trog
Uskayaw
Vehumet
Wu Jian
Xom
Yredelemnul
Zin
The Shining One

Shops:
D:2 !   D:4 :

Annotations:
D:7 3 runed translucent doors, scottley's ghost, novice TrBe
D:8 1 exclusion


Message History

The killer bee stings you. The jelly closely misses you.
The killer bee closely misses you. The jelly barely misses you.
The killer bee stings you.
You take 3 damage, and have 52/56 hp.
You now have 20/23 mp.
Aiming: Sandblast (safe; 1% risk of failure)
Press: ? - help, Q - select action, (/) - cycle Shift-Dir - straight line, f - killer bee
Aim: a killer bee (70% to hit)
The blast of sand misses the killer bee.
The killer bee barely misses you.
The killer bee completely misses you. x2
The killer bee stings you.
The killer bee stings you but does no damage.
The killer bee barely misses you. The jelly hits you.
You are splashed with acid!
The killer bee stings you. x2
The killer bee stings you!
You take 22 damage, and have 30/56 hp.
MASSIVE DAMAGE!!
Aiming: Sandblast (safe; 1% risk of failure)
Press: ? - help, Q - select action, (/) - cycle Shift-Dir - straight line, f/p - killer bee
Aim: a killer bee (70% to hit)
The blast of sand hits the killer bee!
The killer bee is heavily wounded.
The killer bee completely misses you. The killer bee misses you.
The killer bee stings you.
You are poisoned.
The killer bee poisons you! The jelly barely misses you.
The killer bee stings you but does no damage.
The killer bee closely misses you. The killer bee stings you.
The jelly hits you.
You are splashed with acid!
* * * LOW HITPOINT WARNING * * *
The killer bee barely misses you. The killer bee misses you.
The killer bee stings you!
* * * LOW HITPOINT WARNING * * *
Aiming: Sandblast (safe; 1% risk of failure)
Press: ? - help, Q - select action, (/) - cycle Shift-Dir - straight line, f/p - killer bee
Aim: a killer bee (heavily wounded, 70% to hit)
The blast of sand hits the killer bee!!
You kill the killer bee!
Vehumet accepts your kill.
You can now gain magical power from killing.
Vehumet offers you knowledge of Foxfire.
You die...

#...# #....## #.#.#####
#.....## #.......##
#....... #..###...#
####.### #..#
#...######....
#..#####.......###.
#....# #.#####..##.
#....# #.# ##.##. #.@J.#
#...####..##
.......yy...............
.....#.......######.....
.....#.#.###............
.... #.#.. .##########..
.... ....##.............
... ...... .............
.$. .# ...).........
#..........##


You could see a jelly and 2 killer bees.

Vanquished Creatures
  Sigmund (D:2)
  A steam dragon (D:6)
  2 water moccasins
  2 ice beasts (D:6)
  2 sky beasts (D:8)
  4 black bears (D:5)
  3 ogres
  2 centaurs
  4 phantoms
  3 bullfrogs
  3 scorpions
  2 killer bees (D:8)
  A howler monkey (D:8)
  A jelly (D:7)
  3 orc priests
  4 bombardier beetles
  2 gnoll boudas
  4 hounds
  2 sleepcaps
  6 orc wizards
  12 gnolls
  5 adders
  3 white imps
  2 ufetubi (D:7)
  5 dart slugs
  4 ribbon worms
  17 orcs
  4 bats (D:1)
  4 endoplasms
  4 giant cockroaches
  9 goblins
  3 hobgoblins
  8 kobolds
  8 quokkas
  13 ball pythons
  4 frilled lizards
  9 rats
166 creatures vanquished.

Vanquished Creatures (others)
  An orc wizard (D:4)
1 creature vanquished.

Grand Total: 167 creatures vanquished

Notes
Turn   | Place    | Note
-------+----------+-------------------------------------------
     0 | D:1      | jasper the Deep Elf Earth Elementalist began the quest for
                  | the Orb.
     0 | D:1      | Reached XP level 1. HP: 10/10 MP: 6/6
   120 | D:1      | Reached XP level 2. HP: 16/16 MP: 6/8
   330 | D:1      | Reached skill level 4 in Earth Magic
   368 | D:1      | Reached skill level 1 in Fighting
   695 | D:2      | Reached XP level 3. HP: 20/20 MP: 7/9
   702 | D:2      | Learned a level 3 spell: Passwall
   706 | D:2      | Learned a level 3 spell: Stone Arrow
   775 | D:2      | Noticed Sigmund
   786 | D:2      | Killed Sigmund
   787 | D:2      | Reached skill level 5 in Earth Magic
   787 | D:2      | Reached XP level 4. HP: 23/27 MP: 5/10
   787 | D:2      | Reached XP level 5. HP: 27/31 MP: 5/11
   962 | D:2      | Found Utuanas's Distillery.
  1030 | D:2      | Reached skill level 6 in Earth Magic
  1476 | D:2      | Identified a scroll of acquirement
  1476 | D:2      | Acquired the +5 kite shield of Fab Dube {+Blink rCorr}
  1884 | D:3      | You fall into a shaft and drop 2 floors!
  1884 | D:5      | Entered Level 5 of the Dungeon
  1992 | D:5      | Reached XP level 6. HP: 33/36 MP: 8/12
  2005 | D:4      | Learned a level 4 spell: Passage of Golubria
  2584 | D:3      | Found a white marble altar of Elyvilon.
  2790 | D:2      | Bought a potion of curing for 30 gold pieces
  2790 | D:2      | Bought a potion of enlightenment for 50 gold pieces
  2790 | D:2      | Bought a potion of curing for 30 gold pieces
  2944 | D:4      | Reached skill level 7 in Earth Magic
  3241 | D:4      | Found Eshuasy's Book Emporium.
  3641 | D:5      | Noticed a water moccasin
  3644 | D:5      | Killed a water moccasin
  3645 | D:5      | Reached XP level 7. HP: 41/41 MP: 11/13
  3650 | D:5      | Reached skill level 8 in Earth Magic
  3808 | D:5      | Reached XP level 8. HP: 48/48 MP: 11/14
  4044 | D:5      | Reached skill level 9 in Earth Magic
  4062 | D:5      | Reached skill level 5 in Fighting
  4062 | D:5      | Reached skill level 5 in Spellcasting
  4290 | D:5      | Learned a level 4 spell: Summon Lightning Spire
  4762 | D:6      | Reached XP level 9. HP: 55/55 MP: 18/23
  4773 | D:6      | Learned a level 5 spell: Yara's Violent Unravelling
  4839 | D:6      | Reached skill level 1 in Translocations
  4874 | D:6      | Found a staircase to the Ecumenical Temple.
  4889 | Temple   | Entered the Ecumenical Temple
  4902 | Temple   | Became a worshipper of Vehumet
  5872 | D:7      | Found a runed translucent gate.
  5872 | D:7      | Found a runed translucent gate.
  5872 | D:7      | Found a runed translucent gate.
  5875 | D:7      | Noticed scottley's ghost (novice TrBe)
  6072 | D:8      | Found a staircase to the Lair.
  6077 | D:8      | Reached skill level 5 in Translocations
  6139 | D:8      | Reached skill level 1 in Summonings
  6139 | D:8      | Reached skill level 1 in Air Magic
  6158 | D:8      | Noticed an orange crystal statue
  6451 | D:8      | HP: 2/56 [killer bee (8)]
  6452 | D:8      | Reached * piety under Vehumet
  6452 | D:8      | Offered knowledge of Foxfire by Vehumet.
  6452 | D:8      | Succumbed to a killer bee's poison

Illustrated notes

Levels and vault maps discovered:
D:1:      dpeg_arrival_stonehenge_8_columns, layout_rooms
D:2:      layout_loops_ring, serial_shops, nicolae_shop_window_shopping,
          uniq_sigmund
D:3:      layout_basic, nicolae_elyvilon_peaceful_grove
D:4:      layout_basic, kennysheep_small_square
D:5:      layout_loops_ring, hangedman_decor_diamond_cutter, nzn_random_ring
D:6:      layout_basic, minmay_temple_entry_slanted
D:7:      layout_rooms, gammafunk_ghost_split, chequers_garden
D:8:      layout_rooms, lair_entry_dummy, disabler_island
Temple:   nicolae_temple_the_god_donut

Skill      XL: |  1  2  3  4  5  6  7  8  9 |
---------------+----------------------------+-----
Earth Magic    | 4 5 6 7 8 9 |  9.0
Fighting       | 1 2 3 4 5 6 |  6.7
Spellcasting   | 8 |  8.2
Translocations | 5 |  5.0
Summonings     | 1 |  1.9
Air Magic      | 1 |  1.7
Dodging        | |  2.4
Stealth        | |  2.4
Conjurations   | |  1.1

Action                     |  1- 3 |  4- 6 |  7- 9 || total
---------------------------+-------+-------+-------++-------
  Melee: Hand axe          |       |       |     3 ||     3
   Cast: Sandblast         |    44 |    85 |   112 ||   241
    Use: Scroll            |     2 |    11 |     3 ||    16
         Potion            |       |     1 |       ||     1
 Armour: Robe              |     6 |    12 |    42 ||    60
  Dodge: Dodged            |     6 |     8 |    40 ||    54

Table legend: (Time is in decaauts)
 A = Elapsed time spent in this place.
 B = Non-inter-level travel time spent in this place.
 C = Inter-level travel time spent in this place.
 D = Time resting spent in this place.
 E = Time spent auto-exploring this place.
 F = Levels seen in this place.
 G = Mean time per level.
                   A        B        C        D        E       F      G
               +--------+--------+--------+--------+--------+-----+--------+
         Total |   6572 |   6275 |    297 |    175 |   5149 |   9 |  730.2 |
       Dungeon |   6545 |   6272 |    273 |    175 |   5149 |   8 |  818.1 |
        Temple |     26 |      2 |     24 |      0 |      0 |   1 |   26.0 |
               +--------+--------+--------+--------+--------+-----+--------+

Top non-repeatable levels by time:
     D:5: 1161 daAuts
     D:2: 1070 daAuts
     D:4: 1069 daAuts
     D:6: 834 daAuts
     D:3: 747 daAuts
     D:1: 698 daAuts
     D:7: 556 daAuts
     D:8: 407 daAuts
  Temple: 26 daAuts
